 Dungeon Crawl Stone Soup version 0.29-a0-791-ga0f254aafb (webtiles) character file.

Game seed: 4139814440999783957

58 Malachi the Cutter (level 3, -1/40 HPs)
             Began as a Demonspawn Brigand on July 3, 2022.
             Succumbed to an adder's poison
             ... on level 3 of the Dungeon.
             The game lasted 00:02:03 (2319 turns).

Malachi the Cutter (Demonspawn Brigand)             Turns: 2319, Time: 00:02:04

Health: -1/40      AC: 21    Str: 11    XL:     3   Next: 76%
Magic:  3/3        EV:  2    Int: 12    God:
Gold:   109        SH:  0    Dex: 16    Spells: 2/2 levels left

rFire   . . .      SeeInvis .   a - +2 dagger
rCold   . . .      Faith    .   (no shield)
rNeg    . . .      Spirit   .   (body armour currently unavailable)
rPois   +          Reflect  .   (helmet currently unavailable)
rElec   .          Harm     .   (cloak currently unavailable)
rCorr   .          Rampage  .   (gloves currently unavailable)
Will    .....      NoTele   +   (boots currently unavailable)
Stlth   +++.......              (no amulet)
HPRegen 0.13/turn               (no ring)
MPRegen 0.16/turn               (no ring)

@: lethally poisoned (-1 -> -9), tree-form, invisible
A: stationary, stasis, torment immunity, boosted hp, magic regeneration
a: no special abilities


You were on level 3 of the Dungeon.
You were a tree.
You visited 1 branch of the dungeon, and saw 3 of its levels.

You collected 109 gold pieces.

Inventory:

Hand Weapons
 a - a +2 dagger (weapon)
 f - a +0 rapier
Missiles
 d - 15 poisoned darts (quivered)
 e - 7 curare-tipped darts
 s - 4 javelins
Armour
 b - a +0 robe (melded)
 c - a +0 cloak (melded)
 t - a +0 hat (melded)
Jewellery
 u - a ring of wizardry
Wands
 o - a wand of digging (2)
Scrolls
 i - a scroll of vulnerability
 j - 3 scrolls of blinking
 k - a scroll of poison
 l - a scroll of amnesia {unknown}
 m - a scroll of identify
 n - a scroll of teleportation {unknown}
 q - a scroll of fear {unknown}
 r - a scroll of fog {unknown}
 v - a scroll of magic mapping {unknown}
Potions
 g - a potion of invisibility
 h - a potion of lignification
 p - a potion of curing {unknown}


   Skills:
 - Level 2.0 Fighting
 * Level 3.8 Short Blades
 - Level 1.7 Throwing
 - Level 0.8 Dodging
 - Level 3.6 Stealth


You had 2 spell levels left.
You didn't know any spells.
Your spell library contained the following spells:

 Spells                   Type           Power      Damage    Failure   Level
 Gell's Gravitas          Tloc           0%         N/A       69%         3
 Lesser Beckoning         Tloc           0%         N/A       69%         3
 Teleport Other           Tloc           0%         N/A       69%         3


Dungeon Overview and Level Annotations

Branches:
Dungeon (3/15)

Altars:


Innate Abilities, Weirdness & Mutations

You are a tree.
Your roots penetrate the ground, keeping you stationary.
You cannot be teleported.
You are immune to unholy pain and torment.
Your maximum health is greatly increased.
Your equipment is partially melded.
You regenerate magic rapidly.


Message History

You are too injured to fight recklessly!
You are too injured to fight recklessly!
You are too injured to fight recklessly!
You are too injured to fight recklessly!
You are too injured to fight recklessly!
You are too injured to fight recklessly!
You are too injured to fight recklessly!
You are too injured to fight recklessly!
You closely miss the adder.
The adder is severely wounded.
You feel sick. The adder bites you.
* * * LOW HITPOINT WARNING * * *
You are lethally poisoned!
The adder poisons you!
You miss the adder.
The adder is severely wounded.
* * * LOW HITPOINT WARNING * * *
You feel sick. The adder closely misses you.
You closely miss the adder.
The adder is severely wounded.
* * * LOW HITPOINT WARNING * * *
You feel sick. The adder bites you.
* * * LOW HITPOINT WARNING * * *
It was a potion of invisibility.
You fade into invisibility!
* * * LOW HITPOINT WARNING * * *
You feel sick. The adder bites you.
* * * LOW HITPOINT WARNING * * *
You are more poisoned.
The adder poisons you! The adder barely misses you.
It was a potion of lignification.
You turn into a tree.
Your +0 cloak melds into your body.
Your +0 hat melds into your body.
Your +0 robe melds into your body.
Your roots penetrate the ground.
* * * LOW HITPOINT WARNING * * *
You feel sick. The adder bites you but does no damage.
Unknown command.
You catch the helpless adder completely off-guard!
You impale the adder!!
You kill the adder!
You die...

#.. #.# ####.#### ##.##
#.......#
#######...######.......#
..##...........#.......#
#.##(##...###...........
...#.###.###...........#
..............!........#
...#.##.#.##....♣†......
#.##....#...#...###.####
#.##..#####..........
#.##... #.........<.#
#.#####.#.#########.#
#.#####... # .>........
#########


There were no monsters in sight!

Vanquished Creatures
  2 adders
  A worm (D:2)
  A dart slug (D:1)
  A ball python (D:2)
  3 endoplasms
  A giant cockroach (D:2)
  7 hobgoblins
  3 jackals (D:1)
  6 kobolds
  2 bats
  4 frilled lizards (D:1)
  3 goblins
  9 rats
43 creatures vanquished.

Notes
Turn   | Place    | Note
-------+----------+-------------------------------------------
     0 | D:1      | Malachi the Demonspawn Brigand began the quest for the Orb.
     0 | D:1      | Reached XP level 1. HP: 16/16 MP: 1/1
   200 | D:1      | Gained mutation: You regenerate magic rapidly. [demonic
                  | ancestry]
   200 | D:1      | Reached XP level 2. HP: 22/22 MP: 2/2
  1000 | D:1      | Reached XP level 3. HP: 15/27 MP: 3/3
  1833 | D:2      | Found a faded altar of an unknown god.
  2318 | D:3      | HP: 1/40 [poisoned by an adder]
  2319 | D:3      | Succumbed to an adder's poison

Illustrated notes

Levels and vault maps discovered:
D:1:      zaba_arrival_water, layout_basic, minmay_misc_feat_diagonals,
          minmay_misc_feat_hallway, minmay_3d_cube
D:2:      layout_rooms, nicolae_ecumenical_lake_church
D:3:      layout_loops_ring, grunt_gozag_statues,
          nicolae_overflow_ecumenical_swirl, ebering_ghost_inner_flame,
          dk_noncrumbling_3

Skill      XL: |  1  2 |
---------------+-------+-----
Short Blades   | 2 3 |  3.8
Fighting       | |  2.0
Throwing       | |  1.7
Dodging        | |  0.8
Stealth        | |  3.6

Action                   || total
-------------------------++-------
Melee: Dagger            ||   137
       Punch             ||     1
  Use: Scroll            ||     3
       Potion            ||     2
 Stab: Sleeping          ||     5
       Invisible         ||     1
Armor: Robe              ||    29
       Skin              ||     1
Dodge: Dodged            ||    72

Table legend: (Time is in decaauts)
 A = Elapsed time spent in this place.
 B = Non-inter-level travel time spent in this place.
 C = Inter-level travel time spent in this place.
 D = Time resting spent in this place.
 E = Time spent auto-exploring this place.
 F = Levels seen in this place.
 G = Mean time per level.
                   A        B        C        D        E       F      G
               +--------+--------+--------+--------+--------+-----+--------+
         Total |   2305 |   2246 |     59 |    389 |   1527 |   3 |  768.3 |
       Dungeon |   2305 |   2246 |     59 |    389 |   1527 |   3 |  768.3 |
               +--------+--------+--------+--------+--------+-----+--------+

Top non-repeatable levels by time:
     D:1: 1692 daAuts
     D:2: 556 daAuts
     D:3: 56 daAuts
